 Dungeon Crawl Stone Soup version 0.16.1-7-g2c6721e (webtiles) character file.

112 abixa the Skirmisher (level 4, 0/38 HPs)
             Began as a Merfolk Wanderer on Mar 29, 2015.
             Was a Follower of Zin.
             Slain by an iguana (3 damage)
             ... on level 3 of the Dungeon.
             The game lasted 00:13:57 (4117 turns).

abixa the Skirmisher (Merfolk Wanderer)             Turns: 4117, Time: 00:13:57

Health: 0/38       AC:  6    Str: 10    XL:     4   Next: 93%
Magic:  7/7        EV:  9    Int: 10    God:    Zin [*.....]
Gold:   146        SH:  0    Dex: 17    Spells: 0 memorised, 7 levels left

rFire  . . .     SeeInvis .     u - +0 spear
rCold  . . .     Clarity  .     c - +0 ring mail
rNeg   . . .     SustAb   .     (no shield)
rPois  .         Gourm    .     (no helmet)
rElec  .         Spirit   .     w - +0 cloak (curse)
rCorr  .         Warding  .     (no gloves)
rMut   .         Stasis   .     (no boots)
MR     .....                    (no amulet)
Stlth  ++........               (no ring)
                                (no ring)

@: not resistant to hostile enchantments, unstealthy
A: change form in water, swift swim
a: Recite, Renounce Religion


You were on level 3 of the Dungeon.
You worshipped Zin.
Zin was aware of your devotion.
You were not hungry.

You visited 1 branch of the dungeon, and saw 3 of its levels.

You collected 162 gold pieces.
You donated 16 gold pieces to Zin.

Inventory:

Hand weapons
 a - a +2 hand axe
 u - a +0 spear (weapon)
Missiles
 d - 4 javelins (quivered)
 k - 165 stones
 n - 18 arrows
Armour
 c - a +0 ring mail (worn)
 w - a cursed +0 cloak (worn)
Scrolls
 b - 2 scrolls of teleportation
 e - 3 scrolls of identify {unknown}
 j - a scroll of random uselessness {unknown}
 m - 2 scrolls of immolation {unknown}
 q - a scroll of remove curse {unknown}
 r - a scroll of amnesia {unknown}
 t - a scroll of enchant armour {unknown}
Potions
 h - a potion of resistance {unknown}
 o - a potion of might {unknown}
 s - a potion of beneficial mutation {unknown}
 v - a potion of cancellation {unknown}
Comestibles
 f - 2 bread rations
 g - 2 meat rations
 i - a slice of pizza
 l - a royal jelly
 p - 2 fruits


   Skills:
 - Level 4.8 Fighting
 - Level 1.0(1.1) Axes
 + Level 1.5(2.0) Polearms
 - Level 2.1 Armour
 - Level 2.1 Stealth
 - Level 2.0 Spellcasting
   Level 1.0 Air Magic


You had 7 spell levels left.
You didn't know any spells.

Dungeon Overview and Level Annotations

Branches:
Dungeon (3/15)

Altars:
Elyvilon
Nemelex Xobeh
Okawaru
Ru
Trog
Xom
Zin
The Shining One


Message History

You throw a javelin. The javelin closely misses the iguana.
The iguana closely misses you.
Throwing (i - inventory. (,) - cycle):
d - 7 javelins (quivered)
Press: ? - help, Shift-Dir - straight line, f/p - iguana
Aim: an iguana (severely wounded)
You throw a javelin.
The javelin completely misses the iguana.
The iguana misses you.
Throwing (i - inventory. (,) - cycle):
d - 6 javelins (quivered)
Press: ? - help, Shift-Dir - straight line, f/p - iguana
Aim: an iguana (severely wounded)
You throw a javelin. The javelin hits the iguana.
The iguana is almost dead.
The iguana bites you but does no damage.
Throwing (i - inventory. (,) - cycle):
d - 5 javelins (quivered)
Press: ? - help, Shift-Dir - straight line, f/p - iguana
Aim: an iguana (almost dead)
You throw a javelin. The javelin barely misses the iguana.
The iguana bites you.
You die...

#.#.^#.##.# #.#..#.# #...........
#.#[###.#.#####.##.#.# #.####.##.#.
#..## ##........##.#.###.##....#...
#.#.###.#.####.###.#.##...(.##...##
#....#.##.# #.# #.#.......####.###
....#.###.# #.# #.####..(##..#'#..
#..##.###.# #.###)## ##(.##.......
#.........# #.##.(.####...##.._..#
##.##...#.# #..l@#......#..##...##
##........# ####...#######..##.##.
##.#####..########.## ####..###..
##.# #.........#.# #.......... ...#
#...........# #.######### ##.#
#.#######.##### #.##...####
#.#####.# #...[.# #.#.....#..
#.......# #####.# #.#.<......
##.###.## #.# #.#.....#..


You could see an iguana.

Vanquished Creatures
  An adder (D:2)
  A gnoll (D:1)
  5 worms
  A giant gecko (D:2)
  An ooze (D:3)
  8 goblins
  9 hobgoblins
  6 jackals (D:2)
  10 bats
  4 giant cockroaches
  3 giant newts
  8 kobolds
  10 rats
67 creatures vanquished.

Notes
Turn   | Place    | Note
--------------------------------------------------------------
     0 | D:1      | abixa, the Merfolk Wanderer, began the quest for the Orb.
     0 | D:1      | abixa set off with: a +2 hand axe, a scroll of teleportation, a +0 ring mail, a +0 dagger, a bread ration
     0 | D:1      | Reached XP level 1. HP: 15/15 MP: 3/3
   401 | D:1      | Reached XP level 2. HP: 19/22 MP: 4/4
   789 | D:1      | Reached skill level 3 in Fighting
   789 | D:1      | Reached XP level 3. HP: 24/29 MP: 6/6
  1518 | D:2      | Reached skill level 4 in Fighting
  1702 | D:2      | Reached XP level 4. HP: 35/37 MP: 7/7
  2265 | D:2      | Found a glowing silver altar of Zin.
  2269 | D:2      | Found a glowing golden altar of the Shining One.
  2270 | D:2      | Found a white marble altar of Elyvilon.
  2271 | D:2      | Found a shimmering altar of Xom.
  2272 | D:2      | Found an iron altar of Okawaru.
  2273 | D:2      | Found a sacrificial altar of Ru.
  2286 | D:2      | Became a worshipper of Zin the Law-Giver
  2620 | D:2      | Found a bloodstained altar of Trog.
  2833 | D:3      | Acquired Zin's first power
  2873 | D:3      | Found a sparkling altar of Nemelex Xobeh.
  3466 | D:3      | Reached skill level 1 in Polearms
  4117 | D:3      | Slain by an iguana

Action                   |  1- 3 |  4- 6 || total
-------------------------+-------+-------++-------
Melee: Hand axe          |   112 |    95 ||   207
       Spear             |       |    24 ||    24
Throw: Stone             |     3 |    37 ||    40
       Javelin           |       |     4 ||     4
 Stab: Sleeping          |     1 |     1 ||     2
  Eat: Chunk             |     3 |     7 ||    10
